 Dungeon Crawl Stone Soup version 0.28.0-53-g5a82cb258f (webtiles) character file.

Game seed: 5408985345382814607

1344 quokkamancerX the Destroyer (level 8, -6/41 HPs)
             Began as a Deep Elf Conjurer on June 8, 2022.
             Was an Initiate of Vehumet.
             Mangled by Harold
             ... wielding a +0 battleaxe
              (10 damage)
             ... on level 6 of the Dungeon on June 9, 2022.
             The game lasted 00:24:15 (7695 turns).

quokkamancerX the Destroyer (Deep Elf Conjurer)     Turns: 7695, Time: 00:24:16

Health: -6/41      AC:  9    Str:  4    XL:     8   Next: 36%
Magic:  11/19      EV: 12    Int: 26    God:    Vehumet [......]
Gold:   207        SH:  0    Dex: 13    Spells: 12/19 levels left

rFire   . . .      SeeInvis .   c - +4 dagger (vorpal)
rCold   . . .      Faith    .   (no shield)
rNeg    . . .      Spirit   .   a - +0 robe
rPois   .          Reflect  .   n - +0 helmet
rElec   .          Harm     .   (no cloak)
rCorr   .          Rampage  .   q - +2 pair of gloves
Will    +....                   k - +2 pair of boots
Stlth   ++........              (no amulet)
HPRegen 0.13/turn               t - ring of willpower
MPRegen 0.16/turn               (no ring)

@: no status effects
A: no striking features
a: Renounce Religion


You were on level 6 of the Dungeon.
You worshipped Vehumet.
Vehumet was noncommittal.
You visited 2 branches of the dungeon, and saw 8 of its levels.

You collected 207 gold pieces.

Inventory:

Hand Weapons
 c - a +4 vorpal dagger (weapon)
Armour
 a - a +0 robe (worn)
 k - a +2 pair of boots (worn)
 n - a +0 helmet (worn)
 q - a +2 pair of gloves (worn)
Jewellery
 t - a ring of willpower (left hand)
Wands
 e - a wand of charming (1)
Scrolls
 f - a scroll of teleportation
Potions
 b - 3 potions of lignification
 d - a potion of might {unknown}
 g - 2 potions of curing {unknown}
 l - a potion of ambrosia
 u - 3 potions of attraction


   Skills:
 - Level 2.4 Dodging
 - Level 2.4 Stealth
 - Level 6.0 Spellcasting
 + Level 9.3 Conjurations
 + Level 7.3 Hexes


You had 12 spell levels left.
You knew the following spells:

 Your Spells              Type           Power      Damage    Failure   Level
a - Magic Dart            Conj           100%       1d8       1%          1
b - Searing Ray           Conj           100%       2d8       1%          2
c - Fulminant Prism       Conj/Hex       25%        3d14      2%          4

Your spell library contained the following spells:

 Spells                   Type           Power      Damage    Failure   Level
 Dazzling Flash           Conj/Hex       100%       N/A       1%          3
 Cause Fear               Hex            23%        N/A       3%          4
 Inner Flame              Hex/Fire       27%        N/A       4%          3
 Beastly Appendage        Tmut           14%        N/A       7%          1
 Iskenderun's Mystic Bla  Conj/Tloc      32%        2d8       10%         4
 Corpse Rot               Necr/Air       14%        N/A       11%         2
 Poisonous Vapours        Pois/Air       14%        N/A       11%         2
 Sublimation of Blood     Necr           7%         N/A       11%         2
 Wereblood                Tmut           7%         N/A       11%         2
 Ozocubu's Armour         Ice            7%         N/A       21%         3
 Spider Form              Tmut/Pois      7%         N/A       21%         3
 Irradiate                Conj/Tmut      16%        3d19      28%         5
 Petrify                  Tmut/Erth      7%         N/A       56%         4
 Ozocubu's Refrigeration  Ice            3%         4d5       100%        7
 Discord                  Hex            23%        N/A       100%        8


Dungeon Overview and Level Annotations

Branches:
Dungeon (7/15)             Temple (1/1) D:5

Altars:
Ashenzari
Cheibriados
Dithmenos
Elyvilon
Fedhas
Gozag
Hepliaklqana
Kikubaaqudgha
Makhleb
Nemelex Xobeh
Okawaru
Qazlal
Ru
Trog
Uskayaw
Vehumet
Wu Jian
Xom
Yredelemnul
Zin
The Shining One

Annotations:
D:6 Harold
D:7 3 runed translucent doors, Jackthecabe's ghost, novice OpTm


Message History

Casting: Fulminant Prism (dangerous; 2% risk of failure)
Confirm with . or Enter, or press ? or * to list all spells.
Aiming: Searing Ray (safe; 1% risk of failure)
Press: ? - help, Shift-Dir - straight line, f - Harold
Aim: Harold, wielding a +0 battleaxe, wearing a +0 scale mail and carrying a wand of paralysis (5) (moderately wounded, 90% to hit)
The searing ray misses Harold. (Press . to maintain the ray.) Harold zaps a wand.
You resist with almost no effort.
The searing ray hits Harold.
Harold is moderately wounded.
Harold grumbles, "Just give up already, I want to go home!"
Harold zaps a wand.
You resist with almost no effort.
The searing ray hits Harold.
Harold is moderately wounded.
Harold hits you with a +0 battleaxe!
* * * LOW HITPOINT WARNING * * *
The searing ray hits Harold.
Harold is heavily wounded.
You finish channelling your searing ray.
Harold zaps a wand.
You resist with almost no effort. Harold closely misses you.
Okay, then.
Aiming: Charm
Press: ? - help, Shift-Dir - straight line, f/p - Harold
Aim: Harold, wielding a +0 battleaxe, wearing a +0 scale mail and carrying a wand of paralysis (2) (moderately wounded, chance to affect: 17%) Harold resists with almost no effort.
Harold zaps a wand.
You resist with almost no effort.
Aiming: Charm
Press: ? - help, Shift-Dir - straight line, f/p - Harold
Aim: Harold, wielding a +0 battleaxe, wearing a +0 scale mail and carrying a wand of paralysis (1) (moderately wounded, chance to affect: 17%) Harold resists with almost no effort.
Harold barely misses you.
Hit: c) +4 dagger (vorpal)
Press: ? - help, Dir - move target, f/p - Harold
Aim: Harold, wielding a +0 battleaxe, wearing a +0 scale mail and carrying a wand of paralysis (1) (moderately wounded, about 24% to evade your +4 vorpal dagger)
Okay, then.
Aiming: Charm
Press: ? - help, Shift-Dir - straight line, f/p - Harold
Aim: Harold, wielding a +0 battleaxe, wearing a +0 scale mail and carrying a wand of paralysis (1) (moderately wounded, chance to affect: 17%) Harold resists with almost no effort.
Harold hits you with a +0 battleaxe!
You die...

.....#.####....#.......##'###..##
.....#....#.@...................#
....##....<.##......#..(........#
....####....####....#........#.##
...####.##.## #...###......####
.........)..# #..####....#..##
...........## ##.......#.##..###
...........## #@.....###..##...#
...@........## #@....## ##.....##
.........)...###..##..# ##......
..........##..#.......## ###....#
.....##...##...).[.....# #......#
...#####...#..#........# ###.####
.### ##.###.##.......## ### ##
###....#...........#
.####..................#
...#...................##


You could see Harold.

Vanquished Creatures
  A water moccasin (D:6)
  An ice beast (D:6)
  2 ogres (D:5)
  2 centaurs
  A phantom (D:6)
  2 scorpions
  A howler monkey (D:6)
  2 hounds (D:5)
  2 jellies
  2 orc priests
  4 iguanas
  Jessica (D:3)
  An orc wizard (D:7)
  A hound zombie (D:5)
  A hound skeleton (D:5)
  2 howler monkey skeletons
  5 adders
  2 shadow imps
  A white imp (D:6)
  An ufetubus (D:6)
  4 worms
  A dart slug (D:2)
  18 orcs
  10 ball pythons
  6 endoplasms
  2 giant cockroaches
  13 goblins
  6 hobgoblins
  3 jackals (D:2)
  6 quokkas
  5 bats
  10 kobolds
  4 rats
123 creatures vanquished.

Vanquished Creatures (others)
  A fulminant prism (D:6)
  7 plants (D:2)
8 creatures vanquished.

Grand Total: 131 creatures vanquished

Notes
Turn   | Place    | Note
-------+----------+-------------------------------------------
     0 | D:1      | quokkamancerX the Deep Elf Conjurer began the quest for the
                  | Orb.
     0 | D:1      | Reached XP level 1. HP: 10/10 MP: 6/6
   161 | D:1      | Reached XP level 2. HP: 15/15 MP: 1/9
  1160 | D:2      | Reached XP level 3. HP: 19/19 MP: 6/11
  1213 | D:2      | Reached skill level 5 in Spellcasting
  1561 | D:2      | Found a faded altar of an unknown god.
  1748 | D:2      | Found a shimmering altar of Xom.
  1994 | D:2      | Reached XP level 4. HP: 24/24 MP: 10/13
  2288 | D:2      | Learned a level 2 spell: Searing Ray
  2290 | D:3      | Noticed Jessica
  2337 | D:3      | Killed Jessica
  2384 | D:3      | Reached skill level 5 in Conjurations
  2912 | D:3      | Reached XP level 5. HP: 5/28 MP: 7/15
  3846 | D:4      | Reached skill level 6 in Conjurations
  4302 | D:4      | Reached XP level 6. HP: 32/32 MP: 12/17
  4493 | D:5      | Entered Level 5 of the Dungeon
  4665 | D:5      | Reached skill level 1 in Hexes
  4672 | D:5      | Reached skill level 7 in Conjurations
  4964 | D:5      | Reached XP level 7. HP: 36/36 MP: 13/18
  5404 | D:5      | Reached skill level 8 in Conjurations
  5537 | D:5      | Found a staircase to the Ecumenical Temple.
  5544 | Temple   | Entered the Ecumenical Temple
  5786 | Temple   | Became a worshipper of Vehumet
  5962 | D:5      | Reached skill level 5 in Hexes
  6114 | D:5      | Learned a level 4 spell: Fulminant Prism
  6694 | D:6      | Reached XP level 8. HP: 35/41 MP: 9/19
  6866 | D:6      | Reached skill level 9 in Conjurations
  7238 | D:7      | Found a runed translucent gate.
  7251 | D:7      | Found a runed translucent gate.
  7251 | D:7      | Found a runed translucent gate.
  7251 | D:7      | Noticed Jackthecabe's ghost (novice OpTm)
  7386 | D:7      | Noticed Harold
  7695 | D:6      | Mangled by Harold

Illustrated notes

Levels and vault maps discovered:
D:1:      nzn_arrival_depleted_hourglass, layout_rooms, minmay_cupped
D:2:      minmay_diamond_boxcup, layout_loops_ring,
          dilly_ecumenical_altar_fadedgnrine, basic_altar
D:3:      layout_basic, uniq_jessica
D:4:      layout_layer_cave, kennysheep_generic_room_13
D:5:      layout_gridville, minmay_temple_entry_junction,
          minmay_misc_feat_square
D:6:      layout_cave_pools, dk_noncrumbling_2
D:7:      layout_loops_ring, ebering_ghost_rock_garden, uniq_harold
Temple:   mainiacjoe_temple_hex_bubbles

Skill      XL: |  1  2  3  4  5  6  7  8 |
---------------+-------------------------+-----
Spellcasting   | 4 5 6 |  6.0
Conjurations   | 5 6 7 8 9 |  9.3
Hexes          | 3 6 7 |  7.3
Dodging        | |  2.4
Stealth        | |  2.4

Action                   |  1- 3 |  4- 6 |  7- 9 || total
-------------------------+-------+-------+-------++-------
Melee: Dagger            |    16 |     2 |     5 ||    23
 Cast: Magic Dart        |    90 |    89 |    67 ||   246
       Searing Ray       |       |    12 |    15 ||    27
       Fulminant Prism   |       |       |     1 ||     1
Evoke: Wand              |       |       |     3 ||     3
  Use: Scroll            |       |     9 |    10 ||    19
       Potion            |       |       |     1 ||     1
 Stab: Sleeping          |       |       |     1 ||     1
Armor: Robe              |     7 |     5 |    15 ||    27
Dodge: Dodged            |    17 |     2 |    21 ||    40
